 Dungeon Crawl Stone Soup version 0.30-a0-739-gea05faddec (webtiles) character file.

Game seed: 3168851401756222138

5185 ASSMAN the Cleaver (level 10, -2/90 HPs)
             Began as a Hill Orc Monk on Feb 5, 2023.
             Was a Priest of Okawaru.
             Killed from afar by an electric eel (13 damage)
             ... with a bolt of electricity
             ... on level 6 of the Dungeon.
             The game lasted 00:16:44 (11828 turns).

ASSMAN the Cleaver (Hill Orc Monk)                 Turns: 11828, Time: 00:16:45

Health: -2/90      AC: 14    Str: 19    XL:     10   Next: 60%
Magic:  17/17      EV:  7    Int: 10    God:    Okawaru [***...]
Gold:   757        SH:  0    Dex: 19    Spells: 9/9 levels left

rFire   . . .      SeeInvis .    a - +1 hand axe (flame)
rCold   . . .      Faith    .    (no shield)
rNeg    . . .      Spirit   .    e - +0 plate armour
rPois   .          Reflect  .    g - +1 helmet
rElec   .          Harm     .    (no cloak)
rCorr   .          Rampage  .    (no gloves)
Will    .....                    (no boots) Stlth
                                 (no amulet)
HPRegen 0.35/turn                w - +6 ring of dexterity
MPRegen 0.15/turn                (no ring)

@: no status effects
A: no striking features
a: Renounce Religion, Heroism


You were on level 6 of the Dungeon.
You worshipped Okawaru.
Okawaru was most pleased with you.
You visited 2 branches of the dungeon, and saw 10 of its levels.

You collected 757 gold pieces.

Inventory:

Hand Weapons
 a - a +1 hand axe of flaming (weapon)
 h - a +3 hand axe
Armour
 b - a +0 robe
 e - a +0 plate armour (worn)
 g - a +1 helmet (worn)
 q - a +0 kite shield
Jewellery
 w - a +6 ring of dexterity (left hand)
Wands
 i - a wand of flame (18)
 j - a wand of digging (6)
 o - a wand of light (6)
Scrolls
 c - 2 scrolls of magic mapping
 d - a scroll of torment {unknown}
 f - a scroll of fog
 n - 3 scrolls of teleportation
 p - a scroll of enchant weapon
 t - 2 scrolls of identify
 u - a scroll of brand weapon
Potions
 k - a potion of heal wounds {unknown}
 l - 3 potions of curing
 m - 2 potions of flight
 r - a potion of magic
 s - 3 potions of brilliance


   Skills:
 + Level 8.9 Fighting
 - Level 14.0 Axes
 + Level 5.1 Armour
 - Level 2.4 Dodging
 - Level 1.5 Stealth
 - Level 10.0 Invocations


You had 9 spell levels left.
You didn't know any spells.
Your spell library contained the following spells:

 Spells                   Type           Power      Damage    Failure   Level
 Beastly Appendage        Tmut           0%         N/A       100%        1
 Kiss of Death            Conj/Necr      0%         2d5       100%        1
 Slow                     Hex            0%         N/A       100%        1
 Cigotuvi's Dreadful Rot  Necr/Pois/Air  0%         N/A       100%        2
 Poisonous Vapours        Pois/Air       0%         N/A       100%        2
 Wereblood                Tmut           0%         N/A       100%        2
 Confusing Touch          Hex            0%         N/A       100%        3
 Mephitic Cloud           Conj/Pois/Air  0%         N/A       100%        3
 Spider Form              Tmut/Pois      0%         N/A       100%        3
 Vampiric Draining        Necr           0%         2d6       100%        3
 Airstrike                Air            0%         2d(0-16)  100%        4
 Dispel Undead            Necr           0%         3d6       100%        4
 Iskenderun's Battlesphe  Conj           0%         2d6       100%        5
 Lightning Bolt           Conj/Air       0%         1d11      100%        5
 Iron Shot                Conj/Erth      0%         9d1       100%        6
 Summon Lightning Spire   Summ/Air       Unusable   N/A       N/A         4
 Spellforged Servitor     Conj/Summ      Unusable   N/A       N/A         7

Dungeon Overview and Level Annotations

Branches:
Dungeon (9/15)             Temple (1/1) D:5
   Lair: D:8-11         Orc: D:9-12

Altars:
Ashenzari
Cheibriados
Dithmenos
Elyvilon
Fedhas
Gozag
Hepliaklqana
Kikubaaqudgha
Makhleb
Nemelex Xobeh
Okawaru
Qazlal
Ru
Sif Muna
Trog
Uskayaw
Vehumet
Wu Jian
Xom
Yredelemnul
Zin
The Shining One

Shops:
D:7 :

Annotations:
D:5 3 runed translucent doors, ASSMAN's ghost, weakling NaDe; BlueFish's ghost, novice TeAE; Esekla's ghost, weakling OpDe


Message History

The electric eel shoots out a bolt of lightning at you!
The bolt of electricity hits you.
The electric eel shoots out a bolt of lightning at you!
The bolt of electricity hits you!
The electric eel shoots out a bolt of lightning at you!
The bolt of electricity hits you!
The electric eel shoots out a bolt of lightning at you!
The bolt of electricity hits you.
The electric eel shoots out a bolt of lightning at you!
The bolt of electricity hits you.
The electric eel shoots out a bolt of lightning at you!
The bolt of electricity hits you!
The electric eel shoots out a bolt of lightning at you!
The bolt of electricity hits you!
The bolt of electricity hits the plant!
The plant begins to die.
You see here 19 gold pieces.
Okay, then.
You slash the electric eel! You burn the electric eel.
Your punch misses the electric eel.
The electric eel is severely wounded.
You hit the electric eel. You burn the electric eel.
You slash the electric eel! You burn the electric eel.
You miss the electric eel.
The electric eel is severely wounded.
You hit the electric eel. You burn the electric eel. You hit the electric eel.
You burn the electric eel.
The electric eel shoots out a bolt of lightning at you!
The bolt of electricity hits you!
* * * LOW HITPOINT WARNING * * *
The electric eel shoots out a bolt of lightning at you!
The bolt of electricity hits you.
* * * LOW HITPOINT WARNING * * *
The electric eel shoots out a bolt of lightning at you!
The bolt of electricity hits you!
* * * LOW HITPOINT WARNING * * *
The bolt of electricity hits the plant!
You feel better.
The electric eel shoots out a bolt of lightning at you!
The bolt of electricity hits you!
You die...

...........[....................>
###.######.......##....#.####....
....######.......##.(..#.#.###'##
...........................#≈§§§§
######################.#.#.#≈#.#§
.# ##...~~~~~###.#.#.#≈._.≈ .###
##.########.##.#.#.#≈#.#≈ ...#
#~##..P.~S##.#.....#≈≈≈≈≈ ...#
#~#.....@S≈#.###.########
...######~#....~(S≈#.# #.# #..
...##...#.#'...~.≈≈#)# #.# #..
...##...#..#..~.[≈##~###.# #..
....#...##~##########~##.# ##..
..).#...##~~##..~.?≈##~#)# ##..#
..).#...###~#...~..≈≈#~#.# #...#
....#...# #.#....~~.≈#.#.####.#.#
###.....# #)#'..~~.≈≈#.#.........


You could see 3 electric eels.

Vanquished Creatures
  Pikel (D:5)
  Joseph (D:7)
  A hornet (D:9)
  A troll (D:9)
  A wraith (D:9)
  2 wyverns
  3 yaks (D:9)
  Edmund (D:4)
  2 water moccasins (D:8)
  An acid dragon (D:8)
  An orc warrior (D:9)
  2 sky beasts
  3 lemures (D:5)
  4 phantoms
  A centaur (D:6)
  2 kobold brigands
  A gnoll sergeant (D:8)
  2 necrophages
  3 scorpions
  3 wights
  5 killer bees (D:9)
  4 electric eels
  3 hounds
  2 jellies
  3 orc priests
  3 gnoll boudas
  An iguana (D:5)
  9 orc wizards
  12 adders
  22 gnolls
  A shadow imp (D:7)
  2 white imps
  A worm (D:2)
  6 dart slugs
  23 orcs
  3 bats
  8 endoplasms
  A giant cockroach (D:2)
  5 goblins
  8 hobgoblins
  4 jackals (D:3)
  6 quokkas
  6 ball pythons
  2 frilled lizards
  15 kobolds
  6 rats
197 creatures vanquished.

Vanquished Creatures (others)
  18 plants
18 creatures vanquished.

Grand Total: 215 creatures vanquished

Notes
Turn   | Place    | Note
-------+----------+-------------------------------------------
     0 | D:1      | ASSMAN the Hill Orc Monk began the quest for the Orb.
     0 | D:1      | Reached XP level 1. HP: 19/19 MP: 1/1
   127 | D:1      | Reached XP level 2. HP: 26/26 MP: 2/2
   232 | D:1      | Reached skill level 5 in Axes
   475 | D:1      | Reached XP level 3. HP: 31/31 MP: 3/3
   726 | D:2      | Reached skill level 6 in Axes
   735 | D:2      | Found a shimmering blue altar of Sif Muna.
  1271 | D:2      | Reached XP level 4. HP: 39/39 MP: 4/4
  1523 | D:3      | Reached skill level 7 in Axes
  1590 | D:2      | Reached XP level 5. HP: 29/45 MP: 5/5
  2593 | D:3      | Reached skill level 8 in Axes
  3037 | D:4      | Reached XP level 6. HP: 48/51 MP: 6/6
  3140 | D:4      | Reached skill level 9 in Axes
  3262 | D:4      | Noticed a +0 spear
  3265 | D:4      | Noticed a +0 dagger
  3322 | D:4      | Noticed Edmund
  3486 | D:4      | Noticed a +0 dagger
  3486 | D:4      | Noticed a +0 falchion
  3486 | D:4      | Noticed a +0 falchion
  3487 | D:4      | Noticed a +0 short sword
  3487 | D:4      | Noticed a +0 short sword
  3573 | D:4      | Noticed a +0 spear
  3645 | D:4      | Killed Edmund
  3646 | D:4      | Reached skill level 10 in Axes
  3646 | D:4      | Reached XP level 7. HP: 24/57 MP: 7/7
  3811 | D:4      | Found a broken altar of Ashenzari.
  3816 | D:4      | Found a shimmering altar of Xom.
  3816 | D:4      | Found an ancient bone altar of Kikubaaqudgha.
  3819 | D:4      | Found a hide-covered altar of Uskayaw.
  3819 | D:4      | Found a glowing golden altar of the Shining One.
  3819 | D:4      | Found a radiant altar of Vehumet.
  3918 | D:4      | Found a shimmering blue altar of Sif Muna.
  4122 | D:4      | Found a hide-covered altar of Uskayaw.
  4139 | D:5      | Entered Level 5 of the Dungeon
  4139 | D:5      | Found a glowing silver altar of Zin.
  4177 | D:5      | Found a hazy altar of Hepliaklqana.
  4274 | D:5      | Reached skill level 11 in Axes
  4285 | D:5      | Noticed Pikel
  4326 | D:5      | Killed Pikel
  4327 | D:5      | Reached skill level 12 in Axes
  4327 | D:5      | Reached XP level 8. HP: 26/64 MP: 8/8
  4505 | D:5      | Found a runed translucent gate.
  4505 | D:5      | Found a runed translucent gate.
  4505 | D:5      | Found a runed translucent gate.
  4505 | D:5      | Noticed BlueFish's ghost (novice TeAE)
  4507 | D:5      | Noticed Esekla's ghost (weakling OpDe)
  4507 | D:5      | Noticed ASSMAN's ghost (weakling NaDe)
  4507 | D:5      | Noticed Esekla's ghost (weakling OpDe)
  4514 | D:5      | Found a staircase to the Ecumenical Temple.
  4522 | Temple   | Entered the Ecumenical Temple
  4569 | Temple   | Became a worshipper of Warmaster Okawaru
  4569 | Temple   | Reached * piety under Okawaru
  4569 | Temple   | Reached ** piety under Okawaru
  4669 | D:5      | Reached skill level 13 in Axes
  4669 | D:5      | Reached skill level 1 in Invocations
  5803 | D:6      | Found a bloodstained altar of Trog.
  6038 | D:6      | Found a white marble altar of Elyvilon.
  6263 | D:6      | Reached skill level 5 in Invocations
  6263 | D:6      | Reached XP level 9. HP: 49/70 MP: 12/12
  6385 | D:6      | Reached skill level 14 in Axes
  7035 | D:7      | Noticed Joseph
  7496 | D:7      | Killed Joseph
  7790 | D:7      | Reached skill level 5 in Fighting
  7848 | D:7      | Reached *** piety under Okawaru
  7869 | D:7      | Found Ybbab's Book Boutique.
  9120 | D:8      | Found an ornate altar of the Wu Jian Council.
  9334 | D:8      | Reached skill level 1 in Armour
  9494 | D:8      | Reached XP level 10. HP: 52/86 MP: 16/16
  9833 | D:8      | Found a blossoming altar of Fedhas.
 10499 | D:9      | Reached skill level 10 in Invocations
 10766 | D:9      | Found a faded altar of an unknown god.
 10846 | D:9      | Reached skill level 5 in Armour
 11403 | D:9      | Found a sparkling altar of Nemelex Xobeh.
 11404 | D:9      | Found an ancient bone altar of Kikubaaqudgha.
 11828 | D:6      | Killed from afar by an electric eel

Illustrated notes

Levels and vault maps discovered:
D:1:      minmay_arrival_shoal_huts, layout_rooms, reono_crystal_passage,
          minmay_bisected
D:2:      minmay_angry_zag, layout_loops_corners, basic_altar,
          minmay_pentomino_z4
D:3:      layout_loops_corners
D:4:      layout_cave_pools, mainiacjoe_overflow_tiny_flanked,
          nicolae_uskayaw_en_pointe, doesnt_xom_only_xom, uniq_edmund
D:5:      layout_loops_ring, mainiacjoe_overflow_catch_the_wave,
          minmay_temple_entry_offerings, gammafunk_ghost_cemetery,
          serial_bayou_lake_a, uniq_pikel
D:6:      cheibrodos_two_vegetables, layout_basic, mainiacjoe_overflow_brackets,
          kennysheep_little_box
D:7:      layout_rooms, serial_shops, nicolae_shop_hallway_stairs, minmay_holes,
          grunt_ministairs_5, uniq_joseph
D:8:      layout_cave_pools, nicolae_wu_jian_wuxing_cycle, fedhas_altar_4
D:9:      layout_stronghold, nicolae_overflow_squiral, serial_column_ruins,
          column_ruins_temple_circle, column_ruins_hut,
          column_ruins_columns_dead_end, column_ruins_grid_1,
          column_ruins_open_tiny, column_ruins_columns_dead_end,
          lemuel_flamethrower_hall
Temple:   nicolae_temple_ecumenical_triangle

Skill      XL: |  1  2  3  4  5  6  7  8  9 10 |
---------------+-------------------------------+-----
Axes           | 5 6 7 8 10 12 13 14 | 14.0
Invocations    | 5 9 10 | 10.0
Fighting       | 7 8 |  8.9
Armour         | 2 5 |  5.1
Dodging        | |  2.4
Stealth        | |  1.5

Action                     |  1- 3 |  4- 6 |  7- 9 | 10-12 || total
---------------------------+-------+-------+-------+-------++-------
  Melee: Hand axe          |   137 |   187 |   410 |   119 ||   853
         Punch             |     2 |     1 |     8 |     4 ||    15
 Invoke: Heroism           |       |       |     3 |     4 ||     7
    Use: Scroll            |       |    13 |     8 |       ||    21
         Potion            |       |     1 |    10 |     3 ||    14
   Stab: Invisible         |       |       |     3 |       ||     3
 Armour: Plate armour      |    82 |    91 |   177 |    61 ||   411
  Dodge: Dodged            |    23 |    39 |    82 |    47 ||   191

Table legend: (Time is in decaauts)
 A = Elapsed time spent in this place.
 B = Non-inter-level travel time spent in this place.
 C = Inter-level travel time spent in this place.
 D = Time resting spent in this place.
 E = Time spent auto-exploring this place.
 F = Levels seen in this place.
 G = Mean time per level.
                   A        B        C        D        E       F      G
               +--------+--------+--------+--------+--------+-----+--------+
         Total |  11754 |  11191 |    563 |   2379 |   7215 |  10 | 1175.4 |
       Dungeon |  11702 |  11154 |    548 |   2379 |   7185 |   9 | 1300.2 |
        Temple |     52 |     37 |     15 |      0 |     30 |   1 |   52.0 |
               +--------+--------+--------+--------+--------+-----+--------+

Top non-repeatable levels by time:
     D:6: 2138 daAuts
     D:9: 1841 daAuts
     D:2: 1355 daAuts
     D:3: 1227 daAuts
     D:7: 1216 daAuts
     D:5: 1187 daAuts
     D:8: 1186 daAuts
     D:4: 926 daAuts
     D:1: 622 daAuts
  Temple: 52 daAuts
